 Seeded DCSS version 0.30.1-11-g7821555f0a (webtiles) character file.

Game seed: 5 (custom seed)

15479 Kazon the Cleaver (level 12, -17/102 HPs)
             Began as a Minotaur Fighter on Oct 26, 2023.
             Was a High Priest of the Shining One.
             Killed from afar by a gargoyle (21 damage)
             ... with a stone arrow
             ... on level 12 of the Dungeon on Oct 27, 2023.
             The game lasted 00:45:11 (8077 turns).

Kazon the Cleaver (Minotaur Fighter)                Turns: 8077, Time: 00:45:12

Health: -17/102    AC: 25    Str: 25    XL:     12   Next: 1%
Magic:  0/16       EV:  3    Int:  7    God:    the Shining One [*****.]
Gold:   644        SH: 17    Dex: 18    Spells: 11/11 levels left

rFire   . . .        f - +1 hand axe (flame)
rCold   + . .        c - +0 tower shield
rNeg    + + .        e - +0 crystal plate armour of Jiupn {Rampage rC+ Dex+3}
rPois   .            (helmet restricted)
rElec   .            Q - +0 cloak
rCorr   .            L - +0 pair of gloves
SInv    .            (no boots)
Will    .....        B - amulet of guardian spirit Stlth
                     M - +4 ring of protection
HPRegen 0.37/turn    u - +6 ring of dexterity
MPRegen 0.15/turn

%: guardian spirit, rampage
@: glowing
A: horns 2, retaliatory headbutt
a: Renounce Religion, Divine Shield, Cleansing Flame, Summon Divine Warrior


You were on level 12 of the Dungeon.
You worshipped the Shining One.
The Shining One was extremely pleased with you.
You visited 2 branches of the dungeon, and saw 13 of its levels.
You also visited: Ossuary.

You collected 786 gold pieces.
You spent 142 gold pieces at shops.

Inventory:

Hand Weapons
 a - a +0 war axe
 f - a +1 hand axe of flaming (weapon)
 h - a +0 whip of holy wrath
 w - the +2 sling "Qeuhanocyt" {speed, rElec Str-3 Dex+2}
   (You found it on level 3 of the Dungeon)

   Str:       It affects your strength (-3).
   Dex:       It affects your dexterity (+2).
   rElec:     It insulates you from electricity.
Missiles
 m - 12 poisoned darts
 n - 12 boomerangs (quivered)
 x - 4 stones
 N - 2 throwing nets
Armour
 c - a +0 tower shield (worn)
 e - the +0 crystal plate armour of Jiupn (worn) {Rampage rC+ Dex+3}
   (You acquired it on level 1 of the Dungeon)

   Dex:       It affects your dexterity (+3).
   rC:        It protects you from cold.
   Rampage:   It bestows one free step when moving towards enemies.
 L - a +0 pair of gloves (worn)
 Q - a +0 cloak (worn)
Jewellery
 u - a +6 ring of dexterity (right hand)
 B - an amulet of guardian spirit (around neck)
 M - a +4 ring of protection (left hand)
Wands
 p - a wand of light (6)
 y - a wand of paralysis (2)
 O - a wand of digging (7)
 P - a wand of polymorph (5)
 S - a wand of flame (27)
Scrolls
 g - 2 scrolls of fog {unknown}
 i - 8 scrolls of identify
 k - 2 scrolls of blinking {unknown}
 l - a scroll of teleportation
 o - 2 scrolls of magic mapping {unknown}
 s - 2 scrolls of summoning {unknown}
 v - a scroll of torment {unknown}
 z - a scroll of amnesia {unknown}
 D - a scroll of poison {unknown}
 E - 2 scrolls of enchant armour {unknown}
 J - 2 scrolls of fear {unknown}
 K - a scroll of enchant weapon {unknown}
Potions
 b - a potion of cancellation {unknown}
 d - 2 potions of might
 j - 6 potions of curing {unknown}
 q - 5 potions of flight {unknown}
 r - 2 potions of berserk rage {unknown}
 t - 5 potions of heal wounds
 A - a potion of lignification {unknown}
 C - 5 potions of attraction {unknown}
 F - a potion of magic
 G - a potion of resistance {unknown}
 H - a potion of haste {unknown}
 I - 3 potions of brilliance {unknown}
 R - a potion of ambrosia {unknown}


   Skills:
 + Level 8.3 Fighting
 + Level 5.5 Long Blades
 + Level 10.1(10.5) Axes
 + Level 4.4(7.8) Maces & Flails
 + Level 1.2 Ranged Weapons
 + Level 6.1 Throwing
 + Level 8.1 Armour
 + Level 0.2 Dodging
 + Level 10.1 Shields
 * Level 7.7 Invocations
 * Level 6.2 Evocations


You had 11 spell levels left.
You didn't know any spells.
Your spell library contained the following spells:

 Spells                   Type           Power      Damage    Failure   Level
 Frozen Ramparts          Ice            0%         1d1       100%        3
 Ignite Poison            Fire/Tmut/Pois 0%         N/A       100%        3
 Ice Form                 Ice/Tmut       0%         N/A       100%        4
 Sticky Flame             Conj/Fire      0%         2d3       100%        4
 Summon Ice Beast         Ice/Summ       0%         N/A       100%        4
 Alistair's Intoxication  Tmut/Pois      0%         N/A       100%        5
 Borgnjor's Vile Clutch   Necr/Erth      0%         N/A       100%        5
 Summon Forest            Summ/Tloc      0%         N/A       100%        5
 Eringya's Noxious Bog    Tmut/Pois      0%         N/A       100%        6
 Summon Hydra             Summ           0%         N/A       100%        7
 Ignition                 Fire           0%         3d3       100%        8


Dungeon Overview and Level Annotations

Branches:
Dungeon (12/15)            Temple (1/1) D:4            Lair (0/5) D:8
Ossuary (visited)
    Orc: D:9-12

Altars:
Dithmenos
Fedhas
Hepliaklqana
Qazlal
Sif Muna
Trog
Wu Jian
Xom
The Shining One

Shops:
D:8 *


Innate Abilities, Weirdness & Mutations

You have a pair of horns on your head.
You reflexively headbutt those who attack you in melee.


Message History

You block the gargoyle's attack.
You hit the gargoyle but do no damage.
The gargoyle is moderately damaged.
The gargoyle hits you but does no damage.
You hit the gargoyle but do no damage.
The gargoyle is moderately damaged.
The gargoyle hits you with a +0 mace.
* * * LOW HITPOINT WARNING * * *
You hit the gargoyle. You burn the gargoyle.
The gargoyle is heavily damaged.
You block the gargoyle's attack.
You hit the gargoyle but do no damage.
The gargoyle is heavily damaged.
You block the gargoyle's attack.
You hit the gargoyle. You burn the gargoyle. Your headbutt misses the gargoyle.
The gargoyle is heavily damaged.
The gargoyle hits you with a +0 mace.
* * * LOW HITPOINT WARNING * * *
You completely miss the gargoyle.
You headbutt the gargoyle, but do no damage.
The gargoyle is heavily damaged.
The gargoyle hurls a stone arrow at you.
The stone arrow hits you!! The Shining One protects you from harm!
You hit the gargoyle but do no damage.
The gargoyle is heavily damaged.
The gargoyle hurls a stone arrow at you.
The stone arrow hits you!
* * * LOW HITPOINT WARNING * * *
You hit the gargoyle but do no damage.
The gargoyle is heavily damaged.
You slash the gargoyle! You burn the gargoyle.
The gargoyle is almost destroyed.
You block the gargoyle's attack.
You hit the gargoyle but do no damage.
You headbutt the gargoyle, but do no damage.
The gargoyle is almost destroyed.
The gargoyle hurls a stone arrow at you.
The stone arrow hits you!!
You die...

### #.. ### #.# ..# #.#
#.## #@#
#..#############9#######
........................
###^)...................
#..###########........
##.#### #........
#....## #........
####..##### #....##..
##.....# #....# ..


You could see a gargoyle.

Vanquished Creatures
  Snorg (D:10)
  2 centaur warriors (D:12)
  2 two-headed ogres
  3 deep elf pyromancers (D:12)
  A manticore (D:12)
  A cyclops (D:12)
  Maurice (D:9)
  A gargoyle (D:12)
  An unseen horror (D:10)
  2 komodo dragons (D:10)
  A troll (D:12)
  2 polar bears (D:8)
  A hornet (D:9)
  3 shadows
  3 vampires
  Sigmund (D:4)
  A wyvern (D:8)
  A yak (D:8)
  3 basilisks (D:8)
  A steam dragon (D:8)
  2 vampire mosquitoes (D:10)
  Duvessa (D:6)
  6 water moccasins
  An ice beast (D:8)
  An orc warrior (D:9)
  A sky beast (D:7)
  5 black bears
  3 wolves (D:8)
  5 centaurs
  2 ogres
  An elf zombie (Ossuary)
  2 kobold brigands
  A bullfrog (D:8)
  A gnoll sergeant (D:8)
  3 scorpions
  23 wights
  8 killer bees
  Dowan (D:6)
  4 howler monkeys
  A vampire bat (D:7)
  An electric eel (D:8)
  A wyvern simulacrum (D:8)
  A centaur zombie (Ossuary)
  6 hounds
  7 orc priests
  3 human zombies (Ossuary)
  A jelly (D:5)
  6 iguanas
  13 orc wizards
  4 ogre zombies (Ossuary)
  A centaur simulacrum (D:8)
  7 mummies (Ossuary)
  11 gnolls
  9 adders
  A shadow imp (D:8)
  A white imp (D:7)
  2 ufetubi
  A worm zombie (D:7)
  2 adder zombies (Ossuary)
  3 worms
  31 orcs
  12 bats
  9 endoplasms
  A giant cockroach (D:1)
  12 goblins
  7 hobgoblins
  11 jackals
  15 kobolds
  3 quokkas (D:4)
  6 ball pythons
  3 frilled lizards
  4 goblin zombies (Ossuary)
  6 hobgoblin zombies
  3 kobold zombies
  4 quokka zombies (Ossuary)
  4 rats
  4 rat zombies (Ossuary)
320 creatures vanquished.

Notes
Turn   | Place    | Note
-------+----------+-------------------------------------------
     0 | D:1      | Kazon the Minotaur Fighter began the quest for the Orb.
     0 | D:1      | Reached XP level 1. HP: 19/19 MP: 0/0
    32 | D:1      | Identified a scroll of acquirement
    32 | D:1      | Acquired the +0 crystal plate armour of Jiupn {Rampage rC+
                  | Dex+3}
    77 | D:1      | Reached XP level 2. HP: 26/27 MP: 1/1
   506 | D:1      | Upgraded the game from 0.30.1-10-g1249ef9ec4 to
                  | 0.30.1-11-g7821555f0a
   585 | D:1      | Reached XP level 3. HP: 33/33 MP: 2/2
   901 | D:2      | Reached XP level 4. HP: 36/41 MP: 3/3
  1452 | D:3      | Found a blossoming altar of Fedhas.
  1603 | D:3      | Found a stormy altar of Qazlal.
  1808 | D:3      | Identified the +2 sling "Qeuhanocyt" {speed, rElec Str-3
                  | Dex+2}
  1825 | D:3      | Found a faded altar of an unknown god.
  1960 | D:4      | Found a staircase to the Ecumenical Temple.
  1975 | Temple   | Entered the Ecumenical Temple
  1982 | Temple   | Became a worshipper of the Shining One
  2016 | D:4      | Noticed a scorpion
  2030 | D:4      | Killed a scorpion
  2031 | D:4      | Reached XP level 5. HP: 47/47 MP: 4/4
  2062 | D:4      | Noticed a black bear
  2082 | D:4      | Killed a black bear
  2083 | D:4      | Reached skill level 5 in Fighting
  2083 | D:4      | Reached skill level 1 in Throwing
  2083 | D:4      | Reached skill level 5 in Shields
  2083 | D:4      | Reached skill level 1 in Invocations
  2083 | D:4      | Reached XP level 6. HP: 19/56 MP: 5/5
  2089 | D:4      | Found a hazy altar of Hepliaklqana.
  2090 | D:4      | Found a shadowy altar of Dithmenos.
  2090 | D:4      | Noticed a shadow
  2436 | D:4      | Reached skill level 1 in Ranged Weapons
  2562 | D:4      | Noticed Sigmund
  2569 | D:4      | Killed Sigmund
  2570 | D:4      | Reached skill level 5 in Armour
  2570 | D:4      | Reached XP level 7. HP: 56/61 MP: 7/7
  2742 | D:5      | Entered Level 5 of the Dungeon
  2804 | D:5      | Reached skill level 5 in Axes
  3162 | D:5      | Reached skill level 1 in Evocations
  3249 | D:6      | Noticed Dowan
  3251 | D:6      | Noticed Duvessa
  3264 | D:6      | Killed Duvessa
  3264 | D:6      | Killed Dowan
  3265 | D:6      | Reached XP level 8. HP: 60/70 MP: 9/9
  3385 | D:6      | Found a shimmering altar of Xom.
  3397 | D:6      | Reached * piety under the Shining One
  3699 | D:7      | Reached XP level 9. HP: 65/75 MP: 11/11
  3822 | D:7      | Found a sand-covered staircase.
  3823 | D:7      | Reached ** piety under the Shining One
  3835 | Ossuary  | Entered an ossuary
  3951 | Ossuary  | Reached *** piety under the Shining One
  4014 | Ossuary  | Reached skill level 1 in Maces & Flails
  4092 | Ossuary  | Reached **** piety under the Shining One
  4394 | D:7      | Reached skill level 1 in Long Blades
  4420 | D:7      | Reached ***** piety under the Shining One
  4463 | D:7      | Reached skill level 5 in Invocations
  4737 | D:7      | Noticed a two-headed ogre
  4752 | D:7      | Killed a two-headed ogre
  4867 | D:7      | Reached XP level 10. HP: 79/84 MP: 13/13
  5132 | D:8      | Reached skill level 5 in Throwing
  5226 | D:8      | Found a staircase to the Lair.
  5232 | D:8      | Found Izo Qiri's Assorted Antiques.
  5241 | D:8      | Bought a sedimented brown potion for 26 gold pieces
  5241 | D:8      | Bought a curved iron wand for 116 gold pieces
  6184 | D:9      | Reached skill level 5 in Evocations
  6491 | D:9      | Reached XP level 11. HP: 92/92 MP: 14/14
  6735 | D:9      | Noticed Maurice
  6745 | D:9      | Killed Maurice
  6746 | D:9      | Reached skill level 5 in Long Blades
  6989 | D:10     | Entered Level 10 of the Dungeon
  7008 | D:10     | Noticed a two-headed ogre
  7020 | D:10     | Killed a two-headed ogre
  7338 | D:10     | Noticed Snorg
  7353 | D:10     | Killed Snorg
  7373 | D:10     | Found a shimmering blue altar of Sif Muna.
  7862 | D:12     | Noticed a centaur warrior
  7863 | D:12     | Noticed a centaur warrior
  7874 | D:12     | Noticed a deep elf pyromancer
  7877 | D:12     | Killed a centaur warrior
  7878 | D:12     | Killed a centaur warrior
  7887 | D:12     | Killed a deep elf pyromancer
  7894 | D:12     | Reached skill level 10 in Axes
  7894 | D:12     | Reached skill level 10 in Shields
  7895 | D:12     | Noticed a green ugly thing
  7990 | D:12     | Noticed a deep elf pyromancer
  7995 | D:12     | Noticed a deep elf pyromancer
  7995 | D:12     | Killed a deep elf pyromancer
  7997 | D:12     | Noticed an ogre mage
  8035 | D:12     | Killed a deep elf pyromancer
  8036 | D:12     | Reached XP level 12. HP: 34/102 MP: 9/16
  8073 | D:12     | The Shining One protects you from harm!
  8074 | D:12     | HP: 3/102 [gargoyle/stone arrow (8)]
  8077 | D:12     | Killed from afar by a gargoyle

Illustrated notes

Levels and vault maps discovered:
D:1:      ebering_trefoil_3fold, layout_basic, st_stairs_14, serial_bayou_ford_a
D:2:      layout_basic, hangedman_decor_growths, minmay_close_crescents
D:3:      layout_rooms, mainiacjoe_overflow_concentric_impassable,
          mainiacjoe_overflow_paths, shapermc_ecumenical_altar_acropolis,
          chequers_serial_rivers_micro_b
D:4:      layout_basic, riverfiend_overflow_shadow_ancestor,
          minmay_temple_entry_glass, uniq_sigmund
D:5:      layout_gridville
D:6:      layout_basic, xom_teletrap_fun, uniq_duvessa
D:7:      layout_loops_ring, enter_ossuary_3, roderic_batcave
D:8:      layout_layer_cave, minmay_lair_entry_grove, serial_shops,
          nicolae_lakefront_shop, serial_ice, serial_ice_o, serial_ice_d,
          serial_ice_k, serial_ice_a
D:9:      layout_loops_ring, nicolae_wwwww, uniq_maurice
D:10:     layout_irregular_city, led_sif_pool, uniq_snorg
D:11:     layout_basic, zombieorc2_lemuel, chequers_garden
D:12:     layout_basic, portal_ice_cave_entry_imps,
          chequers_serial_rivers_micro_e, minivault_28, uniq_rupert
Temple:   nicolae_temple_elliptical

Skill      XL: |  1  2  3  4  5  6  7  8  9 10 11 |
---------------+----------------------------------+-----
Shields        | 4 5 6 7 8 10 | 10.1
Fighting       | 4 5 6 7 8 |  8.3
Armour         | 4 5 6 7 8 |  8.1
Axes           | 4 5 7 8 10 | 10.1
Throwing       | 1 2 3 4 5 6 |  6.1
Invocations    | 1 2 3 4 5 6 7 |  7.7
Ranged Weapons | 1 |  1.2
Evocations     | 1 2 4 5 6 |  6.2
Maces & Flails | 3 4 |  4.4
Long Blades    | 2 4 5 |  5.5
Dodging        | |  0.2

Action                     |  1- 3 |  4- 6 |  7- 9 | 10-12 || total
---------------------------+-------+-------+-------+-------++-------
  Melee: War axe           |    88 |    89 |       |       ||   177
         Headbutt          |    10 |    27 |   106 |   157 ||   300
         Hand axe          |       |    36 |   209 |   420 ||   665
         Whip              |       |       |   149 |    59 ||   208
   Fire: Sling             |       |     6 |       |       ||     6
  Throw: Dart              |       |     4 |    12 |    19 ||    35
         Stone             |       |     3 |    49 |    17 ||    69
         Boomerang         |       |       |    14 |    46 ||    60
  Evoke: Wand              |       |       |     1 |     6 ||     7
    Use: Scroll            |     2 |     1 |       |     1 ||     4
         Potion            |     1 |       |       |       ||     1
 Armour: Crystal plate arm |    58 |   103 |   144 |   270 ||   575
         Scale mail        |     5 |       |       |       ||     5
  Dodge: Dodged            |    16 |     3 |    12 |    29 ||    60
  Block: Buckler           |    12 |       |       |       ||    12
         Tower shield      |    39 |   107 |   238 |   370 ||   754
